 Dungeon Crawl Stone Soup version 0.24-a0-201-gf205589 (webtiles) character file.

Game seed: 10849387617260735414

9 Ivan the Charmwright (level 2, -3/24 HPs)
             Began as a Ghoul Skald on Mar 24, 2019.
             Slain by an ooze (5 damage)
             ... on level 1 of the Dungeon.
             The game lasted 00:00:39 (184 turns).

Ivan the Charmwright (Ghoul Skald)                   Turns: 184, Time: 00:00:40

Health: -3/24      AC:  3    Str: 14    XL:     2   Next: 12%
Magic:  3/3        EV: 11    Int:  8    God:
Gold:   0          SH:  0    Dex:  8    Spells: 3/4 levels left

rFire    . . .     SeeInvis .   a - +0 hand axe
rCold    + . .     Gourm    .   (no shield)
rNeg     + + +     Faith    .   b - +0 leather armour
rPois    ∞         Spirit   .   (no helmet)
rElec    .         Reflect  .   (no cloak)
rCorr    .         Harm     .   (no gloves)
MR       .....                  (no boots)
Stlth    +.........             (no amulet)
HPRegen  0.00/turn              (no ring)
MPRegen  0.08/turn              (no ring)

@: rotting
A: rotting body, claws 1, carnivore, cold resistance 1, negative energy
resistance 3, inhibited regeneration, torment resistance, unbreathing
a: no special abilities


You were on level 1 of the Dungeon.
You were not hungry.

You visited 1 branch of the dungeon, and saw 1 of its levels.

Inventory:

Hand Weapons
 a - a +0 hand axe (weapon)
Armour
 b - a +0 leather armour (worn)
Scrolls
 e - a scroll of fear {unknown}
 f - a scroll of remove curse {unknown}
Potions
 c - a potion of mutation {unknown}
 g - a potion of haste {unknown}
Comestibles
 d - 2 rations


   Skills:
 + Level 2.2 Fighting
 + Level 2.0 Axes
 + Level 1.0 Armour
 + Level 1.8 Dodging
 + Level 1.8 Spellcasting
 + Level 3.0 Charms


You had 3 spell levels left.
You knew the following spells:

 Your Spells              Type           Power        Failure   Level  Hunger
a - Infusion              Chrm           #...         13%         1    ##.....

Your spell library contained the following spells:

 Spells                   Type           Power        Failure   Level  Hunger
 Song of Slaying          Chrm           #.......     21%         2    ###....
 Shroud of Golubria       Chrm/Tloc      #.........   36%         2    ###....
 Regeneration             Chrm/Necr      #.........   58%         3    ####...
 Spectral Weapon          Hex/Chrm       #.......     58%         3    ####...


Dungeon Overview and Level Annotations

Branches:
Dungeon (1/15)

Altars:


Innate Abilities, Weirdness & Mutations

Your body is rotting away.
You thrive on raw meat.
You are immune to poison.
You have sharp fingernails.
You are carnivorous and can eat meat at any time.
Your flesh is cold resistant. (rC+)
You are immune to negative energy. (rN+++)
You do not regenerate when monsters are visible.
You are immune to unholy pain and torment.
You can survive without breathing.


Message History

The ooze hits you.
* * * LOW HITPOINT WARNING * * *
You barely miss the ooze.
The ooze is heavily wounded.
The ooze barely misses you. The ooze hits you but does no damage.
You hit the ooze but do no damage.
The ooze is heavily wounded.
The ooze barely misses you.
You hit the ooze but do no damage.
The ooze is heavily wounded.
A bat comes into view.
The ooze barely misses you.
The bat moves out of view.
You barely miss the ooze.
The ooze is heavily wounded.
The ooze hits you.
* * * LOW HITPOINT WARNING * * *
You hit the ooze.
The ooze is almost dead.
The ooze hits you.
You die...

.#.##..#.##...#
...†#..#......#
.............##
#...########.## #..##
#...# #†## #...#####
#.# #........ #.#
#####..?.####
#.#####.......).@J#
......).............#
.................)..#
........###....###..#
######### #...... .?#
P.P.P.♣ #...####.##


P♣.PP.P #...# # P♣P.PP.# ##.## P..PPPP# You could see an ooze.

Vanquished Creatures
  2 bats (D:1)
  A giant cockroach (D:1)
  2 goblins (D:1)
  A hobgoblin (D:1)
  A ball python (D:1)
  A frilled lizard (D:1)
8 creatures vanquished.

Notes
Turn   | Place    | Note
-------+----------+-------------------------------------------
     0 | D:1      | Ivan the Ghoul Skald began the quest for the Orb.
     0 | D:1      | Reached XP level 1. HP: 17/17 MP: 2/2
   166 | D:1      | Reached skill level 3 in Charms
   166 | D:1      | Reached XP level 2. HP: 16/24 MP: 3/3
   175 | D:1      | Reached skill level 1 in Armour
   184 | D:1      | Slain by an ooze

Levels and vault maps discovered:
D:1:      minmay_arrival_arboretum_small, layout_loops_cross

Skill      XL: |  1  2 |
---------------+-------+-----
Axes           | 2 |  2.0
Charms         | 3 |  3.0
Armour         | 1 |  1.0
Fighting       | |  2.2
Dodging        | |  1.8
Spellcasting   | |  1.8

Action                   || total
-------------------------++-------
Melee: Hand axe          ||    28
Armor: Leather armour    ||     5
Dodge: Dodged            ||    10

Table legend:
 A = Non-vault XP
 B = Vault XP
 C = Vault XP percentage of total XP
 D = Non-vault monster count
 E = Vault monster count
 F = Vault count percentage of total count
                 A         B        C        D         E       F
            +---------+---------+-------+---------+---------+-------
      Total |      13 |       0 |   0.0 |       8 |       0 |   0.0
            +---------+---------+-------+---------+---------+-------
        D:1 |      13 |       0 |   0.0 |       8 |       0 |   0.0
            +---------+---------+-------+---------+---------+-------
